 Dungeon Crawl Stone Soup version bcrawl-1.37.2 (webtiles) character file.

Game seed: 3037867357203862305

98042 Mehrunes the Magician (level 3, -1/26 HPs)
             Began as a Mummy Wizard on Nov 5, 2022.
             Slain by a sky beast (4 damage)
             ... on level 2 of the Dungeon.
             The game lasted 00:03:55 (1444 turns).

Mehrunes the Magician (Mummy Wizard)                Turns: 1444, Time: 00:03:55

Health: -1/26      AC:  2    Str: 10    XL:     3   Next: 17%
Magic:  6/8        EV: 12    Int: 18    God:
Gold:   85         SH:  0    Dex: 10    Spells: 1/10 levels left

rFire    x . .     GDR:     22% a - +0 staff
rCold    + . .     SeeInvis .   (no shield)
rNeg     + + +     Gourm    .   b - +0 robe
rPois    ∞         Faith    .   c - +0 hat
rElec    .         Spirit   .   (no cloak)
rCorr    .         Reflect  .   (no gloves)
MR       .....     Clarity  +   (no boots)
Stlth    ++........             (no amulet)
HPRegen  0.14/turn              (no ring)
MPRegen  0.11/turn              (no ring)

@: no status effects
A: no food or potions, fire vulnerability, clarity, cold resistance 1, negative
energy resistance 3, torment resistance, unbreathing, strong hexes 1
a: no special abilities


You were on level 2 of the Dungeon.
You were not hungry.

You visited 1 branch of the dungeon, and saw 2 of its levels.

You collected 85 gold pieces.

Inventory:

Hand Weapons
 a - a +0 staff (weapon)
Armour
 b - a +0 robe (worn)
 c - a +0 hat (worn)
Jewellery
 h - an uncursed ring of see invisible
Wands
 j - a wand of polymorph (14)
Scrolls
 d - a scroll of immolation {unknown}
 e - a scroll of teleportation {unknown}
 f - a scroll of remove curse {unknown}
 g - a scroll of enchant armour {unknown}
 i - a scroll of fear {unknown}
 k - a scroll of amnesia {unknown}


   Skills:
 + Level 1.0 Fighting
 + Level 1.9 Dodging
 - Level 2.1 Stealth
 + Level 4.3 Spellcasting
 * Level 1.6 Conjurations
   Level 0.7 Summonings
 - Level 0.7 Translocations


You had one spell level left.
You knew the following spells:

 Your Spells              Type           Power        Failure   Level  Hunger
a - Magic Dart            Conj           ##..         7%          1    N/A
b - Conjure Flame         Conj/Fire      #.......     30%         3    N/A
c - Mephitic Cloud        Conj/Pois/Air  #.......     34%         3    N/A
d - Blink                 Tloc           N/A          16%         2    N/A

Your spell library contained the following spells:

 Spells                   Type           Power        Failure   Level  Hunger
 Call Imp                 Summ           #.....       16%         2    N/A
 Spider Form              Tmut/Pois      Unusable     N/A         3    N/A

Dungeon Overview and Level Annotations

Branches:
Dungeon (2/12)

Altars:

Annotations:
D:2 1 exclusion


Innate Abilities, Weirdness & Mutations

You do not eat or drink.
Your flesh is vulnerable to fire.
You are immune to poison.
You possess an exceptional clarity of mind.
Your flesh is cold resistant. (rC+)
You are immune to negative energy. (rN+++)
You are immune to unholy pain and torment.
You can survive without breathing.
Your hexes are more powerful.


Message History

Aim: a sky beast (rain, moderately wounded)
The magic dart hits the sky beast but does no damage.
The sky beast is moderately wounded.
The sky beast hits you. The sky beast shocks you.
Casting: Magic Dart (safe; 7% risk of failure)
Confirm with . or Enter, or press ? or * to list all spells.
Aiming: Magic Dart (safe; 7% risk of failure)
Press: ? - help, Shift-Dir - straight line, f/p - sky beast
Aim: a sky beast (moderately wounded)
The magic dart hits the sky beast.
The sky beast is heavily wounded.
The sky beast flickers out of sight!
Deactivating autopickup; reactivate with Ctrl-A.
Something hits you.
* * * LOW HITPOINT WARNING * * *
Something shocks you.
* * * LOW HITPOINT WARNING * * *
You see here a ration {!d}.
Something hits you.
You die...

##### #####...###
#######################..........
.%.........≈...<.................
.........######........###.......
########...%....@......# #.......
...................).### #<......
#.....)########....### #.......
######.[# ###....# #....... ##.#
##......# ##...... #.###...#....#
##....... ##.....###...(#
##........ ###....### #....###
#......... #...##.###
####...###.#####...


There were no monsters in sight!

Vanquished Creatures
  An ooze (D:1)
  A leopard gecko (D:1)
  An orc (D:2)
  A ball python (D:2)
  4 hobgoblins (D:1)
  4 jackals (D:2)
  6 kobolds
  2 bats (D:1)
  3 frilled lizards
  2 goblins (D:1)
  2 rats (D:1)
27 creatures vanquished.

Notes
Turn   | Place    | Note
-------+----------+-------------------------------------------
     0 | D:1      | Mehrunes the Mummy Wizard began the quest for the Orb.
     0 | D:1      | Reached XP level 1. HP: 13/13 MP: 5/5
    80 | D:1      | Reached skill level 1 in Conjurations
   126 | D:1      | Reached XP level 2. HP: 20/20 MP: 1/7
   873 | D:2      | Reached skill level 1 in Fighting
   876 | D:2      | Reached XP level 3. HP: 24/26 MP: 0/8
   952 | D:2      | Learned a level 3 spell: Conjure Flame
   956 | D:2      | Learned a level 3 spell: Mephitic Cloud
   959 | D:2      | Learned a level 2 spell: Blink
  1013 | D:2      | Noticed a sky beast
  1434 | D:2      | HP: 1/26 [something (6)]
  1444 | D:2      | Slain by a sky beast

Skill      XL: |  1  2 |
---------------+-------+-----
Conjurations   | 1 |  1.6
Fighting       | 1 |  1.0
Dodging        | |  1.9
Stealth        | |  2.1
Spellcasting   | |  4.3
Summonings     | |  0.7
Translocations | |  0.7

Action                   || total
-------------------------++-------
Melee: Staff             ||    30
 Cast: Magic Dart        ||    68
       Conjure Flame     ||     1
Armor: Robe              ||    17
Dodge: Dodged            ||    29
